 Dungeon Crawl Stone Soup version 0.26-a0-812-g31a745ddcd (webtiles) character file.

Game seed: 2050125582231515797

8808 Lanoc the Nimble (level 11, -19/112 (113) HPs)
             Began as a Troll Ice Elementalist on Nov 28, 2020.
             Was a Priest of Ashenzari.
             Demolished by a boulder beetle (33 damage)
             ... on level 12 of the Dungeon.
             The game lasted 00:16:41 (10467 turns).

Lanoc the Nimble (Troll Ice Elementalist)          Turns: 10467, Time: 00:16:42

HP:   -19/112 (113) AC: 10    Str: 30    XL:     11   Next: 14%
MP:   7/11          EV: 13    Int: 14    God:    Ashenzari [***...]
Gold: 568           SH:  5    Dex: 10    Spells: 5/12 levels left

rFire    . . .     SeeInvis +   (no weapon)
rCold    . . .     Faith    .   (no shield)
rNeg     . . .     Spirit   .   a - +1 robe
rPois    .         Reflect  +   (helmet restricted)
rElec    .         Harm     .   s - +0 cloak
rCorr    .         Rampage  .   (gloves unavailable)
MR       .....                  (boots unavailable)
Stlth    +.........             u - amulet of reflection
HPRegen  0.68/turn              e - +6 ring of strength
MPRegen  0.12/turn              w - +6 ring of strength

@: frozen ramparts, lightly drained
A: large, unfitting armour, antennae 1, claws 3, slimy green scales 1,
regeneration 1, shaggy fur 1, tough skin 3, wild magic 1
a: Curse Item, Scrying, Renounce Religion


You were on level 12 of the Dungeon.
You worshipped Ashenzari.
Ashenzari was most pleased with you.
You visited 3 branches of the dungeon, and saw 14 of its levels.

You collected 568 gold pieces.

Inventory:

Hand Weapons
 D - a +1 vampiric war axe
Armour
 a - a +1 robe (worn)
 s - a +0 cloak (worn)
Jewellery
 e - a +6 ring of strength (left claw)
 u - an amulet of reflection (around neck)
 w - a +6 ring of strength (right claw)
 H - the ring "Weiv Hou" {Fire +Blink Stlth+}
   (You found it on level 10 of the Dungeon)

   [ring of fire]

   It enhances your fire magic.
   It protects you from fire.
   It makes you vulnerable to cold.
   It lets you blink.
   It makes you more stealthy.
Wands
 l - a wand of iceblast (7)
 q - a wand of disintegration (8)
 t - a wand of paralysis (20)
 x - a wand of flame (19)
 y - a wand of polymorph (1)
 B - a wand of random effects (24)
 F - a wand of acid (10)
Scrolls
 b - 3 scrolls of enchant armour
 d - 4 scrolls of blinking {unknown}
 i - 9 scrolls of teleportation {unknown}
 k - 3 scrolls of fog {unknown}
 n - a scroll of fear {unknown}
 o - a scroll of magic mapping {unknown}
 p - a scroll of noise {unknown}
 r - 3 scrolls of enchant weapon {unknown}
 C - 2 scrolls of remove curse
 I - a scroll of amnesia {unknown}
Potions
 c - 6 potions of attraction {unknown}
 f - 4 potions of heal wounds
 g - 2 potions of brilliance
 h - a potion of might
 j - a potion of berserk rage
 m - 6 potions of haste
 v - a potion of ambrosia
 z - a potion of lignification
 A - a potion of flight
 E - a potion of mutation
 G - a potion of cancellation {unknown}
 J - a potion of curing {unknown}


   Skills:
 + Level 8.4 Fighting
 + Level 8.7 Dodging
 - Level 1.0 Stealth
 - Level 1.2 Spellcasting
 + Level 8.4(8.3) Ice Magic


You had 5 spell levels left.
You knew the following spells:

 Your Spells              Type           Power        Failure   Level
a - Freeze                Ice            ####         1%          1
b - Frozen Ramparts       Ice            ####..       4%          3
c - Ozocubu's Armour      Ice            ####....     4%          3

Your spell library contained the following spells:

 Spells                   Type           Power        Failure   Level
 Animate Skeleton         Necr           #.....       34%         1
 Magic Dart               Conj           #...         34%         1
 Pain                     Necr           #...         34%         1
 Summon Small Mammal      Summ           #...         34%         1
 Blink                    Tloc           N/A          45%         2
 Call Imp                 Summ           #.......     45%         2
 Slow                     Hex            #.......     45%         2
 Hailstorm                Conj/Ice       ###.....     50%         4
 Summon Ice Beast         Ice/Summ       ###.....     50%         4
 Call Canine Familiar     Summ           #.......     69%         3
 Conjure Flame            Conj/Fire      #.......     69%         3
 Mephitic Cloud           Conj/Pois/Air  #.......     69%         3
 Summon Guardian Golem    Hex/Summ       #.......     69%         3
 Vampiric Draining        Necr           #.........   69%         3
 Animate Dead             Necr           #.........   97%         4
 Summon Lightning Spire   Summ/Air       #.......     97%         4
 Agony                    Necr           #.......     100%        5


Dungeon Overview and Level Annotations

Branches:
Dungeon (12/15)            Temple (1/1) D:5            Lair (1/6) D:9
    Orc (0/2) D:10

Altars:
Ashenzari
Cheibriados


Innate Abilities, Weirdness & Mutations

You are too large for most types of armour.
You have claws for hands.
Your natural rate of healing is unusually fast.
You are covered in fur. (AC +1)
You have extremely tough skin. (AC +3)
You have a pair of small antennae on your head.
You are partially covered in slimy green scales. (AC +2)
Your spells are a little harder to cast, but a little more powerful.


Message History

* * * LOW HITPOINT WARNING * * *
The boulder beetle stops rolling and uncurls.
The frozen ramparts melt away.
The boulder beetle curls into a ball and begins rolling!
Casting: Frozen Ramparts (mildly dangerous; 4% risk of failure)
Confirm with . or Enter, or press ? or * to list all spells.
The walls around you are covered in ice.
The wall freezes the orc warrior.
The orc warrior hits you with a cursed -3 mace!
* * * LOW HITPOINT WARNING * * *
The wall freezes the boulder beetle.
The wall freezes the boulder beetle.
The wall freezes the orc warrior.
The wall freezes the boulder beetle!
The wall freezes the orc warrior.
The wall freezes the boulder beetle. x2; The wall freezes the orc warrior!
The wall freezes the boulder beetle.
The wall freezes the orc warrior.
The wall freezes the boulder beetle.
The wall freezes the boulder beetle!
The wall freezes the orc warrior.
The boulder beetle hits you!!
You die...

#################################
................@B○o...........(.
###..##..####...###°°.###........
###..##..####...###...# #......##
......................###....).##
##......#'###########....)...((..
.+.####.#.....#*{ ,#####.....###
.#.####.#.....#* ......'.....#,,
##......#.#####** ####..#.....#
#####'##.## *####.....#


You could see a boulder beetle and an orc warrior.

Vanquished Creatures
  2 two-headed ogres
  The ghost of zikan the Thaumaturge, a novice DEEE of Vehumet (D:10)
  A gargoyle (D:10)
  A centaur skeleton (D:11)
  A troll (D:10)
  A shadow (D:10)
  2 wyverns
  A vampire (D:11)
  A wraith (D:10)
  A soldier ant (D:12)
  Duvessa (D:7)
  4 orc warriors
  A black bear (D:9)
  7 ice beasts
  A necrophage (D:8)
  2 eyes of draining
  5 phantoms
  2 sky beasts
  3 centaurs
  4 ogres
  A big kobold (D:8)
  A wyvern zombie (D:8)
  5 bullfrogs
  Dowan (D:7)
  2 scorpions
  A hornet simulacrum (D:10)
  A troll zombie (D:10)
  4 wights (D:11)
  4 electric eels (D:11)
  3 quasits
  A bullfrog zombie (D:11)
  3 hounds
  A jelly (D:5)
  A bullfrog skeleton (D:6)
  3 orc priests
  Ijyb (D:3)
  4 iguanas
  15 orc wizards
  9 worker ants
  6 ogre zombies (D:10)
  A bullfrog simulacrum (D:10)
  A hound zombie (D:9)
  4 hound skeletons
  Robin (D:4)
  2 worker ant zombies (D:5)
  12 gnolls
  10 adders
  3 white imps
  A worker ant simulacrum (D:10)
  4 ufetubi
  5 oozes
  An adder zombie (D:6)
  4 leopard geckos
  33 orcs
  A bat (D:3)
  6 giant cockroaches
  10 goblins
  4 hobgoblins
  2 jackals (D:8)
  4 kobolds
  2 quokkas
  3 ball pythons
  2 frilled lizards
  A goblin skeleton (D:10)
  A goblin zombie (D:10)
  4 hobgoblin skeletons (D:10)
  3 hobgoblin zombies (D:10)
  A leopard gecko skeleton (D:4)
  An orc skeleton (D:10)
  15 orc zombies (D:10)
  3 rats
  A bush (D:4)
255 creatures vanquished.

Vanquished Creatures (others)
  A gnoll (D:5)
  A quokka (D:11)
  3 plants (D:4)
5 creatures vanquished.

Grand Total: 260 creatures vanquished

Notes
Turn   | Place    | Note
-------+----------+-------------------------------------------
     0 | D:1      | Lanoc the Troll Ice Elementalist began the quest for the
                  | Orb.
     0 | D:1      | Reached XP level 1. HP: 16/16 MP: 1/1
   204 | D:3      | Reached XP level 2. HP: 25/26 MP: 0/2
   358 | D:3      | Reached skill level 1 in Fighting
   532 | D:3      | Reached XP level 3. HP: 26/33 MP: 0/3
   718 | D:3      | Noticed Ijyb
   737 | D:3      | Killed Ijyb
   737 | D:3      | Reached XP level 4. HP: 35/42 MP: 1/4
   742 | D:3      | Learned a level 3 spell: Frozen Ramparts
  1565 | D:4      | Found a broken altar of Ashenzari.
  1572 | D:4      | Became a worshipper of Ashenzari the Shackled
  1615 | D:4      | Noticed a phantom
  1618 | D:4      | Reached XP level 5. HP: 49/49 MP: 3/5
  1642 | D:4      | Killed a phantom
  1700 | D:4      | Noticed Robin
  1704 | D:4      | Killed Robin
  1915 | D:4      | Reached XP level 6. HP: 52/59 MP: 1/6
  2741 | D:5      | Entered Level 5 of the Dungeon
  2933 | D:5      | Reached XP level 7. HP: 47/67 MP: 4/7
  3002 | D:5      | Learned a level 3 spell: Ozocubu's Armour
  3036 | D:5      | Found a staircase to the Ecumenical Temple.
  3038 | D:5      | Reached * piety under Ashenzari
  3040 | D:5      | Found a snail-covered altar of Cheibriados.
  3053 | Temple   | Entered the Ecumenical Temple
  3801 | D:6      | Reached skill level 5 in Ice Magic
  3848 | D:6      | Reached XP level 8. HP: 47/79 MP: 0/8
  4271 | D:6      | Reached skill level 5 in Dodging
  4831 | D:7      | Reached skill level 5 in Fighting
  4967 | D:7      | Noticed Duvessa
  4968 | D:7      | Noticed Dowan
  4977 | D:7      | Killed Duvessa
  4990 | D:7      | Killed Dowan
  5366 | D:8      | Reached XP level 9. HP: 83/88 MP: 2/9
  5656 | D:8      | Reached ** piety under Ashenzari
  6006 | D:8      | Noticed a two-headed ogre
  6035 | D:8      | Killed a two-headed ogre
  6699 | D:9      | Found a staircase to the Lair.
  6988 | Lair:1   | Entered Level 1 of the Lair of Beasts
  7003 | D:10     | Entered Level 10 of the Dungeon
  7045 | D:10     | Reached XP level 10. HP: 98/99 MP: 6/10
  7184 | D:10     | Noticed zikan's ghost (novice DEEE)
  7185 | D:10     | Identified the ring "Weiv Hou" {Fire +Blink Stlth+}
  7390 | D:10     | Found a runed translucent gate.
  7390 | D:10     | Found a runed translucent gate.
  7391 | D:10     | Found a runed translucent gate.
  7630 | D:10     | Gained mutation: Your spells are a little harder to cast,
                  | but a little more powerful. [potion of mutation]
  7630 | D:10     | Gained mutation: You have a pair of small antennae on your
                  | head. [potion of mutation]
  7630 | D:10     | Gained mutation: You are partially covered in slimy green
                  | scales. (AC +2) [potion of mutation]
  7630 | D:10     | Noticed a gargoyle
  7648 | D:10     | Killed a gargoyle
  7904 | D:10     | Found a staircase to the Orcish Mines.
  7908 | D:10     | Identified the +3 scale mail of Lyprar {rF+}
  7978 | D:10     | Reached *** piety under Ashenzari
  8576 | D:10     | Killed zikan's ghost
  9211 | D:11     | Noticed a two-headed ogre
  9221 | D:11     | Noticed a boulder beetle
  9347 | D:11     | Killed a two-headed ogre
  9347 | D:11     | Reached XP level 11. HP: 56/112 MP: 8/11
 10446 | D:12     | Noticed a boulder beetle
 10467 | D:12     | Demolished by a boulder beetle

Illustrated notes

Levels and vault maps discovered:
D:1:      roderic_chinese_lattice_arrival, layout_basic,
          wad_floor_pattern_untrapped
D:2:      layout_basic, fedhas_ov_isle_minmay, chequers_ecumenical_altar_island,
          serial_bayou_pond_d
D:3:      layout_basic, uniq_ijyb
D:4:      layout_loops_ring, serial_forest, infiniplex_forest_side_room,
          infiniplex_forest_lined_room_2, infiniplex_forest_end_3,
          infiniplex_forest_straight_2, infiniplex_forest_3_way,
          infiniplex_forest_zigzag_1, infiniplex_forest_lined_ring,
          nicolae_ashenzari_panopticon, uniq_robin
D:5:      cheibrodos_helix_gallery, layout_loops_ring,
          minmay_temple_entry_slanted, basic_altar, grunt_ministairs_4
D:6:      layout_basic
D:7:      layout_basic, uniq_duvessa
D:8:      layout_cave_pools
D:9:      layout_rooms, lair_entry_dummy
D:10:     layout_stronghold, zombieorc2_lemuel, gammafunk_ghost_icy
D:11:     layout_basic
D:12:     layout_stronghold, kennysheep_diamond, moated_statue
Temple:   kilobyte_greek_temple
Lair:1:   layout_cave_pods, minmay_hedge_maze, minmay_lair_oklob_chamber,
          lemuel_fruit_fields

Skill      XL: |  1  2  3  4  5  6  7  8  9 10 |
---------------+-------------------------------+-----
Ice Magic      | 3 4 5 6 7 8 |  8.4
Fighting       | 1 2 3 4 5 6 8 |  8.4
Dodging        | 2 3 4 5 7 8 |  8.7
Stealth        | |  1.0
Spellcasting   | |  1.2

Action                   |  1- 3 |  4- 6 |  7- 9 | 10-12 || total
-------------------------+-------+-------+-------+-------++-------
Melee: Unarmed           |    66 |   211 |   350 |   362 ||   989
 Cast: Freeze            |    18 |    15 |       |     1 ||    34
       Frozen Ramparts   |       |    11 |    44 |    35 ||    90
       Ozocubu's Armour  |       |       |       |     2 ||     2
Evoke: Wand              |       |       |       |    13 ||    13
  Use: Scroll            |       |     4 |     7 |     1 ||    12
       Potion            |       |       |       |     2 ||     2
 Stab: Sleeping          |     1 |     1 |     2 |     1 ||     5
Armor: Robe              |    23 |    41 |   128 |    92 ||   284
Dodge: Dodged            |    36 |    75 |   224 |   190 ||   525
Block: Other             |       |       |    99 |    83 ||   182
       Reflection        |       |       |     3 |     2 ||     5

Table legend: (Time is in decaauts)
 A = Elapsed time spent in this place.
 B = Non-inter-level travel time spent in this place.
 C = Inter-level travel time spent in this place.
 D = Time resting spent in this place.
 E = Time spent auto-exploring this place.
 F = Levels seen in this place.
 G = Mean time per level.
                   A        B        C        D        E       F      G
               +--------+--------+--------+--------+--------+-----+--------+
         Total |  10476 |  10148 |    328 |     72 |   7909 |  14 |  748.3 |
       Dungeon |  10472 |  10144 |    328 |     72 |   7909 |  12 |  872.7 |
        Temple |      1 |      1 |      0 |      0 |      0 |   1 |    1.0 |
          Lair |      1 |      1 |      0 |      0 |      0 |   1 |    1.0 |
               +--------+--------+--------+--------+--------+-----+--------+

Top non-repeatable levels by time:
    D:10: 1839 daAuts
     D:4: 1409 daAuts
    D:11: 1196 daAuts
     D:3: 1166 daAuts
     D:8: 1132 daAuts
     D:5: 1038 daAuts
     D:7: 852 daAuts
     D:6: 674 daAuts
     D:9: 564 daAuts
    D:12: 437 daAuts
     D:1: 120 daAuts
     D:2: 40 daAuts
  Temple: 1 daAuts
  Lair:1: 1 daAuts
